 Dungeon Crawl Stone Soup version 0.31-a0-152-g6aa68a64a1 (webtiles) character file.

Game seed: 8310322248123667361

13647 qw the Skirmisher (level 11, -7/103 HPs)
             Began as a Minotaur Hunter on June 9, 2023.
             Was an Elder of Okawaru.
             Mangled by a naga
             ... wielding a +2 mace of holy wrath
              (41 damage)
             ... on level 3 of the Lair of Beasts.
             The game lasted 00:04:04 (11147 turns).

qw the Skirmisher (Minotaur Hunter)                Turns: 11147, Time: 00:04:04

Health: -7/103     AC: 18    Str: 17    XL:     11   Next: 78%
Magic:  13/13      EV:  2    Int:  6    God:    Okawaru [****..]
Gold:   651        SH:  0    Dex: 25    Spells: 10/10 levels left

rFire   . . .        Y - +3 shortbow (flame)
rCold   . . .        (shield currently unavailable)
rNeg    . . .        m - +4 steam dragon scales
rPois   .            (helmet restricted)
rElec   .            a - +0 cloak
rCorr   .            o - +2 pair of gloves of Evolution {Dex+8}
SInv    .            h - +0 pair of boots
Will    .....        (no amulet)
Stlth   ++++         g - +5 ring of evasion
HPRegen 0.37/turn    (no ring)
MPRegen 0.13/turn

%: no passive effects
@: sleeping, heroic
A: horns 2, retaliatory headbutt
a: Renounce Religion, Heroism, Finesse


You were on level 3 of the Lair of Beasts.
You worshipped Okawaru.
Okawaru was greatly pleased with you.
You visited 3 branches of the dungeon, and saw 13 of its levels.
You also visited: Sewer.

You collected 651 gold pieces.


Innate Abilities, Weirdness & Mutations

You have a pair of horns on your head.
You reflexively headbutt those who attack you in melee.


   Skills:
 + Level 11.6(16.6) Fighting
 - Level 14.0(19.0) Ranged Weapons
 - Level 6.0(11.0) Armour
 - Level 10.0(15.0) Dodging
 - Level 0.7(5.7) Stealth
 + Level 4.3 Invocations


You had 10 spell levels left.
You didn't know any spells.
Your spell library was empty.

Inventory:

Hand Weapons
 Y - a +3 shortbow of flaming (weapon)
Armour
 a - a +0 cloak (worn)
 c - the +1 pair of boots of Makhleb {Harm rC+ Will- Str+5}
   (You acquired it on level 4 of the Dungeon)

   Str:       It affects your strength (+5).
   rC:        It protects you from cold.
   Harm:      It increases damage dealt and taken.
   Will:      It decreases your willpower.
 h - a +0 pair of boots (worn)
 m - +4 steam dragon scales (worn)
 o - the +2 pair of gloves of Evolution (worn) {Dex+8}
   (You found it on level 7 of the Dungeon)

   Dex:       It affects your dexterity (+8).
 r - a +1 ring mail of fire resistance
Jewellery
 g - a +5 ring of evasion (left hand)
Scrolls
 d - 2 scrolls of identify
 q - a scroll of teleportation
Potions
 b - 2 potions of might
 e - 2 potions of haste
 i - a potion of mutation
 j - a potion of resistance
 l - 2 potions of curing

Dungeon Overview and Level Annotations

Branches:
Dungeon (9/15)             Temple (1/1) D:4            Lair (3/5) D:9
 Shoals (0/4) Lair:2          Orc (0/2) D:9           Sewer (visited)
  Snake: Lair:2-3    Spider: Lair:2-3

Altars:
Ashenzari
Cheibriados
Dithmenos
Elyvilon
Fedhas
Gozag
Hepliaklqana
Kikubaaqudgha
Makhleb
Nemelex Xobeh
Okawaru
Qazlal
Ru
Sif Muna
Trog
Uskayaw
Vehumet
Wu Jian
Xom
Yredelemnul
Zin
The Shining One

Annotations:
D:9 2 transporters, qw's ghost, novice GrFi


Message History

The arrow burns the torpor snail.
The torpor snail is severely wounded.
The torpor snail barely misses you. The dream sheep barely misses you.
The dream sheep bites you but does no damage.
The dream sheep shake their wool and sparkle.
You feel drowsy...
You fall asleep.
The dream sheep bites you but does no damage. x3
The torpor snail bites you but does no damage.
The dream sheep bites you!!
You wake up.
The dream sheep completely misses you. The dream sheep closely misses you.
The torpor snail misses you.
You shoot an arrow. The arrow hits the torpor snail!
The arrow burns the torpor snail!
You kill the torpor snail!
Okawaru accepts your kill.
You can now speed up your combat.
You feel yourself speed up.
The dream sheep bites you but does no damage.
The dream sheep bites you. The dream sheep barely misses you.
You furiously retaliate!
You headbutt the dream sheep. You shoot an arrow.
The arrow hits the dream sheep!
The arrow burns the dream sheep.
The dream sheep is almost dead.
The dream sheep closely misses you. The dream sheep completely misses you.
You furiously retaliate!
You headbutt the dream sheep, but do no damage.
The dream sheep completely misses you.
You shoot an arrow.
The arrow barely misses the dream sheep.
The arrow hits the naga.
The arrow burns the naga.
The naga is moderately wounded.
The naga misses you. x2; The naga completely misses you.
You furiously retaliate!
You headbutt the naga. The naga misses you.
You shoot an arrow. The arrow hits the dream sheep!
The arrow burns the dream sheep.
You kill the dream sheep!
Okawaru accepts your kill. The dream sheep closely misses you.
The dream sheep shake their wool and sparkle.
You feel drowsy...
You fall asleep.
The naga hits you with a +2 mace of holy wrath!!!
You die...

.....##.........^....#
..###..##............#
### ###.............##
# ...##..........# #..
##.........###
#...........#
#...........#
..#...YN.....##
......N@..##P#
......Y.##.###
.......N#### ..#..##.#
. #.# ### #. . .


You could see 3 nagas and 2 dream sheep.

Vanquished Creatures
  Erica (D:9)
  A two-headed ogre (D:8)
  A skyshark (Lair:2)
  2 harpies (Lair:2)
  2 black mambas
  A torpor snail (Lair:3)
  3 cane toads
  A rime drake (Lair:1)
  Maggie (D:7)
  6 komodo dragons
  A troll (D:9)
  2 dream sheep (Lair:3)
  2 yaks (D:9)
  2 steam dragons
  3 basilisks
  9 water moccasins
  5 orc warriors
  3 ogres
  14 wolves
  3 phantoms
  6 kobold brigands
  10 bullfrogs
  A gnoll sergeant (D:9)
  5 scorpions
  A wight (D:9)
  4 killer bees (D:7)
  2 howler monkeys
  3 hounds (D:5)
  5 jellies
  3 orc priests
  7 orc wizards
  4 iguanas
  A statue (D:6)
  16 gnolls
  9 adders
  A river rat (Sewer)
  A shadow imp (D:7)
  A white imp (D:6)
  An ufetubus (D:6)
  6 worms
  2 dart slugs
  30 orcs
  7 endoplasms
  3 giant cockroaches (D:1)
  6 goblins
  4 hobgoblins
  12 kobolds
  4 quokkas
  13 ball pythons
  8 bats
  4 frilled lizards
  10 rats
253 creatures vanquished.

Notes
Turn   | Place    | Note
-------+----------+-------------------------------------------
     0 | D:1      | qw the Minotaur Hunter began the quest for the Orb.
     0 | D:1      | Reached XP level 1. HP: 18/18 MP: 0/0
     0 | D:1      | 0 ||| qw: Version: 0.2-a-121-gba3a3e5
     0 | D:1      | 0 ||| qw: Game counter: 3199
     0 | D:1      | 0 ||| qw: Always use a shield: true
     0 | D:1      | 0 ||| qw: God list: Okawaru
     0 | D:1      | 0 ||| qw: Allow faded altars: false
     0 | D:1      | 0 ||| qw: Do Orc after D:15 true
     0 | D:1      | 0 ||| qw: Do second Lair branch before Depths: true
     0 | D:1      | 0 ||| qw: Lair rune preference: random
     0 | D:1      | 0 ||| qw: Plans: Normal
     0 | D:1      | 0 ||| PLANNING D:1-11
   115 | D:1      | Reached XP level 2. HP: 25/25 MP: 1/1
   121 | D:1      | Reached skill level 5 in Ranged Weapons
   358 | D:1      | Reached skill level 3 in Fighting
  1230 | D:1      | 1230 ||| READING scroll labelled OPPUSEROAFI.
  1231 | D:1      | 1231 ||| READING scroll labelled FESSAD WOSTRAO.
  1232 | D:1      | 1232 ||| READING scroll labelled ESHRED KOROOMM.
  1233 | D:1      | 1233 ||| DROPPING scroll of butterflies.
  1322 | D:2      | Found a faded altar of an unknown god.
  1326 | D:2      | Reached XP level 3. HP: 31/31 MP: 2/2
  1348 | D:2      | 1348 ||| FLEEEEING.
  1350 | D:2      | 1350 ||| STAIRDANCE
  1388 | D:1      | 1388 ||| UPGRADING to +0 cloak.
  1688 | D:2      | Reached skill level 6 in Ranged Weapons
  1688 | D:2      | Reached XP level 4. HP: 38/38 MP: 3/3
  1848 | D:2      | 1848 ||| READING 2 scrolls labelled UMYICI AKER.
  1849 | D:2      | 1849 ||| READING scroll labelled FOLUNWYH ZORCHY.
  1917 | D:2      | 1917 ||| READING scroll labelled VEVUIRREIH.
  1918 | D:2      | 1918 ||| READING scroll labelled PIXTOPSYANO.
  1919 | D:2      | 1919 ||| DROPPING scroll of magic mapping.
  1951 | D:3      | 1951 ||| PLANNING SEWER
  2094 | D:3      | Reached skill level 1 in Armour
  2138 | D:3      | Reached XP level 5. HP: 43/46 MP: 4/4
  2363 | D:3      | Found a glowing silver altar of Zin.
  2467 | D:3      | Found a glowing drain.
  2468 | D:3      | 2468 ||| READING 2 scrolls labelled TOPTEOGR VIMEB.
  2469 | D:3      | 2469 ||| READING scroll labelled ILYGYL ZIMN.
  2470 | D:3      | 2470 ||| READING scroll labelled YGGEKA LUWKOO.
  2471 | D:3      | 2471 ||| READING scroll labelled KOSONO AQEEKKO.
  2472 | D:3      | 2472 ||| DRINKING 2 silvery potions.
  2473 | D:3      | 2473 ||| DROPPING potion of attraction.
  2482 | Sewer    | Entered a sewer
  2763 | Sewer    | 2763 ||| Stepping ~*~*~tactically~*~*~ (water).
  2777 | Sewer    | Reached skill level 7 in Ranged Weapons
  2777 | Sewer    | Reached XP level 6. HP: 41/52 MP: 5/5
  2871 | Sewer    | 2871 ||| Stepping ~*~*~tactically~*~*~ (water).
  3005 | Sewer    | 3005 ||| Stepping ~*~*~tactically~*~*~ (water).
  3020 | Sewer    | Reached skill level 8 in Ranged Weapons
  3091 | Sewer    | HP: 13/52 [poisoned by a kobold brigand (curare-tipped
                  | dart)]
  3290 | Sewer    | 3290 ||| Stepping ~*~*~tactically~*~*~ (water).
  3317 | Sewer    | Reached XP level 7. HP: 51/61 MP: 6/6
  3360 | Sewer    | 3360 ||| READING scroll labelled OREPHU XUOTO.
  3389 | D:3      | 3389 ||| PLANNING D:1-11
  3552 | D:4      | Found a staircase to the Ecumenical Temple.
  3553 | D:4      | 3553 ||| PLANNING TEMPLE
  3553 | D:4      | 3553 ||| READING 2 scrolls of identify.
  3553 | D:4      | 3553 ||| IDENTIFYING red potion
  3561 | Temple   | Entered the Ecumenical Temple
  3611 | Temple   | 3611 ||| PLANNING OKAWARU WORSHIP
  3680 | Temple   | Became a worshipper of Warmaster Okawaru
  3680 | Temple   | 3680 ||| PLANNING D:1-11
  3714 | D:4      | 3714 ||| READING scroll of enchant weapon.
  3714 | D:4      | 3714 ||| ENCHANTING +1 shortbow of flaming.
  3762 | D:4      | Reached skill level 3 in Dodging
  3827 | D:4      | 3827 ||| Stepping ~*~*~tactically~*~*~ (outnumbered).
  4240 | D:4      | 4240 ||| UPGRADING to +0 ring mail.
  4250 | D:4      | 4250 ||| DROPPING +0 leather armour.
  4288 | D:5      | Entered Level 5 of the Dungeon
  4469 | D:5      | 4469 ||| Stepping ~*~*~tactically~*~*~ (outnumbered).
  4475 | D:5      | Reached skill level 9 in Ranged Weapons
  4481 | D:5      | HP: 15/61 [gnoll/+0 spear (2)]
  4811 | D:5      | Reached skill level 6 in Fighting
  4811 | D:5      | Reached XP level 8. HP: 46/71 MP: 7/7
  4811 | D:5      | 4811 ||| FLEEEEING.
  4812 | D:5      | 4812 ||| FLEEEEING.
  4813 | D:5      | 4813 ||| FLEEEEING.
  4814 | D:5      | 4814 ||| FLEEEEING.
  4815 | D:5      | 4815 ||| FLEEEEING.
  4816 | D:5      | 4816 ||| FLEEEEING.
  4817 | D:5      | 4817 ||| FLEEEEING.
  4818 | D:5      | 4818 ||| FLEEEEING.
  4819 | D:5      | 4819 ||| FLEEEEING.
  4820 | D:5      | 4820 ||| FLEEEEING.
  4821 | D:5      | 4821 ||| FLEEEEING.
  4822 | D:5      | 4822 ||| FLEEEEING.
  4823 | D:5      | 4823 ||| FLEEEEING.
  4824 | D:5      | 4824 ||| FLEEEEING.
  4825 | D:5      | 4825 ||| FLEEEEING.
  4826 | D:5      | 4826 ||| FLEEEEING.
  4828 | D:5      | 4828 ||| FLEEEEING.
  4829 | D:5      | 4829 ||| FLEEEEING.
  4830 | D:5      | 4830 ||| FLEEEEING.
  4831 | D:5      | 4831 ||| FLEEEEING.
  4832 | D:5      | 4832 ||| FLEEEEING.
  4835 | D:5      | 4835 ||| FLEEEEING.
  4836 | D:5      | 4836 ||| FLEEEEING.
  4837 | D:5      | 4837 ||| FLEEEEING.
  4838 | D:5      | 4838 ||| FLEEEEING.
  4839 | D:5      | 4839 ||| FLEEEEING.
  4840 | D:5      | 4840 ||| FLEEEEING.
  4841 | D:5      | 4841 ||| FLEEEEING.
  4842 | D:5      | 4842 ||| FLEEEEING.
  4843 | D:5      | 4843 ||| FLEEEEING.
  4844 | D:5      | 4844 ||| FLEEEEING.
  4845 | D:5      | 4845 ||| FLEEEEING.
  4846 | D:5      | 4846 ||| FLEEEEING.
  4847 | D:5      | 4847 ||| FLEEEEING.
  4848 | D:5      | 4848 ||| FLEEEEING.
  4849 | D:5      | 4849 ||| FLEEEEING.
  4850 | D:5      | 4850 ||| FLEEEEING.
  4851 | D:5      | 4851 ||| FLEEEEING.
  4852 | D:5      | 4852 ||| FLEEEEING.
  4853 | D:5      | 4853 ||| FLEEEEING.
  4854 | D:5      | 4854 ||| STAIRDANCE
  4898 | D:4      | 4898 ||| READING scroll labelled JASEXA FEQEAX.
  4899 | D:4      | 4899 ||| READING scroll labelled ADIOLU QYNOF.
  4899 | D:4      | Identified a scroll of acquirement
  4899 | D:4      | 4899 ||| ACQUIRING +1 pair of boots of Makhleb {Harm rC+
                  | Will- Str+5}
  4899 | D:4      | Acquired the +1 pair of boots of Makhleb {Harm rC+ Will-
                  | Str+5}
  4901 | D:4      | 4901 ||| READING 4 scrolls of identify.
  4901 | D:4      | 4901 ||| IDENTIFYING glowing white potion
  4902 | D:4      | 4902 ||| READING 3 scrolls of identify.
  4902 | D:4      | 4902 ||| IDENTIFYING fizzy ruby potion
  4903 | D:4      | 4903 ||| READING 2 scrolls of identify.
  4903 | D:4      | 4903 ||| IDENTIFYING brown potion
  4904 | D:4      | 4904 ||| DROPPING potion of enlightenment.
  4907 | D:5      | 4907 ||| STAIRDANCE
  4911 | D:4      | HP: 12/71 [ogre/+0 giant spiked club (27)]
  4912 | D:4      | 4912 ||| DRINKING potion of heal wounds.
  4913 | D:4      | Reached * piety under Okawaru
  5159 | D:5      | 5159 ||| INVOKING Heroism.
  5193 | D:5      | Reached skill level 1 in Invocations
  5275 | D:5      | 5275 ||| INVOKING Heroism.
  5338 | D:5      | Found a basalt altar of Yredelemnul.
  5372 | D:5      | Found a sacrificial altar of Ru.
  5709 | D:5      | 5709 ||| DROPPING +6 ring of intelligence.
  5710 | D:5      | 5710 ||| READING scroll labelled AGAYLI FESTEL.
  5711 | D:5      | 5711 ||| READING scroll labelled NOGICO TYIRGHOP.
  5862 | D:6      | Reached skill level 10 in Ranged Weapons
  5936 | D:6      | Reached skill level 3 in Invocations
  5968 | D:6      | 5968 ||| STAIRDANCE
  6071 | D:6      | Found a radiant altar of Vehumet.
  6074 | D:6      | 6074 ||| INVOKING Heroism.
  6159 | D:6      | 6159 ||| INVOKING Heroism.
  6216 | D:6      | 6216 ||| INVOKING Heroism.
  6405 | D:6      | 6405 ||| INVOKING Heroism.
  6414 | D:6      | HP: 18/73 [poisoned by an orc wizard]
  6419 | D:6      | HP: 11/73 [poisoned by an orc wizard]
  6833 | D:6      | 6833 ||| UPGRADING to +5 ring of evasion.
  6838 | D:6      | 6838 ||| STAIRDANCE
  6839 | D:5      | Found a hazy altar of Hepliaklqana.
  6882 | D:7      | 6882 ||| INVOKING Heroism.
  6889 | D:7      | Reached XP level 9. HP: 79/79 MP: 7/10
  7108 | D:7      | 7108 ||| FLEEEEING.
  7109 | D:7      | 7109 ||| FLEEEEING.
  7157 | D:7      | Reached skill level 11 in Ranged Weapons
  7212 | D:7      | Reached skill level 3 in Armour
  7308 | D:7      | 7308 ||| INVOKING Heroism.
  7330 | D:7      | 7330 ||| INVOKING Heroism.
  7443 | D:7      | 7443 ||| READING scroll of enchant weapon.
  7443 | D:7      | 7443 ||| ENCHANTING +2 shortbow of flaming.
  7447 | D:7      | Noticed Maggie
  7461 | D:7      | Killed Maggie
  7462 | D:7      | Reached skill level 12 in Ranged Weapons
  7517 | D:7      | 7517 ||| INVOKING Heroism.
  7545 | D:7      | Identified the +2 pair of gloves of Evolution {Dex+8}
  7861 | D:7      | 7861 ||| UPGRADING to +1 steam dragon scales.
  7871 | D:7      | 7871 ||| DROPPING +0 ring mail.
  7872 | D:7      | 7872 ||| UPGRADING to +2 pair of gloves of Evolution
                  | {Dex+8}.
  7887 | D:8      | 7887 ||| INVOKING Heroism.
  7962 | D:8      | 7962 ||| INVOKING Heroism.
  7997 | D:8      | 7997 ||| INVOKING Heroism.
  8118 | D:8      | Found an ornate altar of the Wu Jian Council.
  8156 | D:8      | Noticed a two-headed ogre
  8157 | D:8      | 8157 ||| INVOKING Heroism.
  8164 | D:8      | Killed a two-headed ogre
  8378 | D:8      | 8378 ||| READING scroll of enchant armour.
  8378 | D:8      | 8378 ||| ENCHANTING +1 steam dragon scales.
  8516 | D:8      | 8516 ||| DRINKING 2 murky clear potions.
  8517 | D:8      | 8517 ||| READING 5 scrolls of identify.
  8517 | D:8      | 8517 ||| IDENTIFYING cyan potion
  8518 | D:8      | 8518 ||| READING 4 scrolls of identify.
  8518 | D:8      | 8518 ||| IDENTIFYING smoky silvery potion
  8519 | D:8      | 8519 ||| READING 3 scrolls of identify.
  8519 | D:8      | 8519 ||| IDENTIFYING smoky white potion
  8520 | D:8      | 8520 ||| READING 2 scrolls of identify.
  8520 | D:8      | 8520 ||| IDENTIFYING fuming black potion
  8521 | D:8      | 8521 ||| DROPPING potion of brilliance.
  8542 | D:9      | 8542 ||| INVOKING Heroism.
  8552 | D:9      | Reached XP level 10. HP: 82/86 MP: 9/12
  8640 | D:9      | Reached ** piety under Okawaru
  8646 | D:9      | Found a staircase to the Lair.
  8659 | D:9      | 8659 ||| INVOKING Heroism.
  8676 | D:9      | Reached skill level 13 in Ranged Weapons
  8694 | D:9      | Noticed Erica
  8705 | D:9      | Killed Erica
  8706 | D:9      | Reached skill level 9 in Fighting
  8716 | D:9      | Found a broken altar of Ashenzari.
  8818 | D:9      | 8818 ||| INVOKING Heroism.
  8847 | D:9      | 8847 ||| READING scroll of enchant armour.
  8847 | D:9      | 8847 ||| ENCHANTING +2 steam dragon scales.
  8849 | D:9      | Found a staircase to the Orcish Mines.
  9022 | D:9      | Found a transporter.
  9024 | D:9      | Noticed a two-headed ogre
  9029 | D:9      | Noticed a two-headed ogre
  9029 | D:9      | Noticed a moth of wrath
  9030 | D:9      | Found a bloodstained altar of Trog.
  9031 | D:9      | Noticed qw's ghost (novice GrFi)
  9039 | D:9      | Found a transporter.
  9042 | D:9      | Noticed a two-headed ogre
  9052 | D:9      | Noticed a tengu warrior
  9133 | D:9      | 9133 ||| PLANNING LAIR
  9133 | D:9      | 9133 ||| UPGRADING to +0 pair of boots.
  9138 | D:9      | 9138 ||| DROPPING +1 robe of fire resistance.
  9152 | Lair:1   | Entered Level 1 of the Lair of Beasts
  9206 | Lair:1   | Noticed a cane toad
  9207 | Lair:1   | 9207 ||| INVOKING Heroism.
  9211 | Lair:1   | Killed a cane toad
  9236 | Lair:1   | 9236 ||| INVOKING Heroism.
  9278 | Lair:1   | Noticed a black mamba
  9279 | Lair:1   | 9279 ||| INVOKING Heroism.
  9283 | Lair:1   | Killed a black mamba
  9474 | Lair:1   | Reached XP level 11. HP: 97/97 MP: 13/13
  9640 | Lair:1   | 9640 ||| INVOKING Heroism.
  9649 | Lair:1   | Reached skill level 14 in Ranged Weapons
  9665 | Lair:1   | 9665 ||| READING scroll of enchant armour.
  9665 | Lair:1   | 9665 ||| ENCHANTING +3 steam dragon scales.
  9965 | Lair:2   | Reached *** piety under Okawaru
 10064 | Lair:2   | 10064 ||| INVOKING Heroism.
 10082 | Lair:2   | Identified the +1 long sword of Qazlal's Displeasure
                  | {antimagic, rC+ rCorr Int+3 Dex-2}
 10293 | Lair:2   | Noticed a skyshark
 10304 | Lair:2   | 10304 ||| INVOKING Heroism.
 10307 | Lair:2   | Killed a skyshark
 10308 | Lair:2   | Reached skill level 9 in Dodging
 10414 | Lair:2   | Found a staircase to the Shoals.
 10414 | Lair:2   | Noticed a harpy
 10415 | Lair:2   | Noticed a harpy
 10420 | Lair:2   | Killed a harpy
 10425 | Lair:2   | Killed a harpy
 10503 | Lair:2   | 10503 ||| INVOKING Heroism.
 10535 | Lair:2   | 10535 ||| INVOKING Heroism.
 10537 | Lair:2   | 10537 ||| DRINKING potion of cancellation.
 10726 | Lair:2   | 10726 ||| READING 3 scrolls of identify.
 10726 | Lair:2   | 10726 ||| IDENTIFYING lumpy golden potion
 10727 | Lair:2   | 10727 ||| READING 2 scrolls of identify.
 10727 | Lair:2   | 10727 ||| IDENTIFYING green potion
 10728 | Lair:2   | 10728 ||| DROPPING potion of degeneration.
 10729 | Lair:2   | 10729 ||| DROPPING potion of berserk rage.
 10773 | Lair:3   | 10773 ||| INVOKING Heroism.
 10786 | Lair:3   | 10786 ||| Stepping ~*~*~tactically~*~*~ (outnumbered).
 10787 | Lair:3   | 10787 ||| INVOKING Heroism.
 10806 | Lair:3   | Reached **** piety under Okawaru
 10983 | Lair:3   | 10983 ||| INVOKING Heroism.
 10997 | Lair:3   | Reached skill level 6 in Armour
 11003 | Lair:3   | 11003 ||| INVOKING Heroism.
 11133 | Lair:3   | 11133 ||| INVOKING Heroism.
 11147 | Lair:3   | Mangled by a naga

Levels and vault maps discovered:
D:1:      shiori_arrival_oz, layout_basic, grunt_decor_resistance
D:2:      layout_basic, serial_forest, infiniplex_forest_clump_tiny,
          infiniplex_forest_clump_small, infiniplex_forest_clump_cross,
          infiniplex_forest_fountain, infiniplex_forest_end_3,
          infiniplex_forest_end_2, infiniplex_forest_lined_ring,
          basic_ecumenical_altar, hangedman_decor_push, minivault_24
D:3:      layout_basic, zin_scriptorium, portal_sewer_entry_d
D:4:      layout_loops_cross, minmay_temple_entry_gardened_gates, minmay_between
D:5:      layout_cave_pods, nicolae_overflow_hidden_temple
D:6:      layout_basic, vehumet_statue, minmay_misc_feat_rugged
D:7:      layout_loops_cross, kennysheep_minor_cross, st_stairs_14,
          minmay_misc_feat_tower, uniq_maggie
D:8:      layout_basic, nicolae_overflow_crystal_walls
D:9:      layout_basic, nicolae_ashenzari_panopticon,
          due_lair_maze_entry_diamond, hiddenorc1_lemuel,
          gammafunk_ghost_wrathful_warriors, uniq_erica
Temple:   nicolae_temple_superstar
Lair:1:   layout_loops_ring, lemuel_fruit_fields
Lair:2:   layout_long_grid, nicolae_shoals_entry_roost, lemuel_fruit_fields,
          serial_bayou_shore_a
Lair:3:   layout_layer_cave, minmay_snake_entry_guardpost_small,
          serial_bayou_ford_a, grunt_megastairs_2, lemuel_fruit_tree,
          infiniplex_staircase_pool

Skill      XL: |  1  2  3  4  5  6  7  8  9 10 11 |
---------------+----------------------------------+-----
Ranged Weapons | 5 6 7 8 9 10 12 13 14 | 14.0
Fighting       | 3 4 5 6 7 9 11 | 11.6
Armour         | 1 2 3 4 6 |  6.0
Dodging        | 3 7 8 10 | 10.0
Invocations    | 3 4 |  4.3
Stealth        | |  0.7

Action                     |  1- 3 |  4- 6 |  7- 9 | 10-12 || total
---------------------------+-------+-------+-------+-------++-------
   Fire: Shortbow          |   102 |   141 |   315 |   332 ||   890
 Invoke: Heroism           |       |       |    15 |    15 ||    30
    Use: Scroll            |     3 |     8 |    16 |     4 ||    31
         Potion            |       |     1 |     2 |     1 ||     4
 Armour: Leather armour    |     4 |     4 |     1 |       ||     9
         Ring mail         |       |       |    28 |       ||    28
         Steam dragon scal |       |       |       |    41 ||    41
  Dodge: Dodged            |    18 |    21 |    91 |   155 ||   285

Table legend:
 A = Non-vault XP
 B = Vault XP
 C = Vault XP percentage of total XP
 D = Non-vault monster count
 E = Vault monster count
 F = Vault count percentage of total count
                 A         B        C        D         E       F
            +---------+---------+-------+---------+---------+-------
      Total |   12981 |    6758 |  34.2 |     176 |      77 |  30.4
            +---------+---------+-------+---------+---------+-------
        D:1 |      36 |       4 |  10.0 |      24 |       2 |   7.7
        D:2 |      97 |       0 |   0.0 |      17 |       0 |   0.0
        D:3 |      81 |      13 |  13.8 |      11 |       1 |   8.3
        D:4 |     371 |       5 |   1.3 |      17 |       3 |  15.0
        D:5 |     845 |       0 |   0.0 |      18 |       0 |   0.0
        D:6 |     620 |      32 |   4.9 |      16 |       1 |   5.9
        D:7 |     763 |     727 |  48.8 |      13 |       4 |  23.5
        D:8 |    1206 |       0 |   0.0 |      11 |       0 |   0.0
        D:9 |     873 |    2593 |  74.8 |      16 |      28 |  63.6
     Lair:1 |    2605 |       0 |   0.0 |      10 |       0 |   0.0
     Lair:2 |    3286 |    1289 |  28.2 |      15 |       2 |  11.8
     Lair:3 |    2198 |    1495 |  40.5 |       8 |       8 |  50.0
      Sewer |       0 |     600 | 100.0 |       0 |      28 | 100.0
            +---------+---------+-------+---------+---------+-------
